 Dungeon Crawl Stone Soup version 0.19.5 (webtiles) character file.

742 Kosschaser the Slasher (level 7, -2/46 HPs)
             Began as a High Elf Skald on Mar 3, 2017.
             Was a Believer of Okawaru.
             Slain by an ice beast (13 damage)
             ... on level 6 of the Dungeon.
             The game lasted 00:09:18 (3336 turns).

Kosschaser the Slasher (High Elf Skald)             Turns: 3336, Time: 00:09:19

Health: -2/46      AC:  5    Str: 13    XL:     7   Next: 47%
Magic:  12/12      EV: 10    Int: 16    God:    Okawaru [**....]
Gold:   168        SH:  7    Dex: 15    Spells: 1 memorised, 10 levels left

rFire  . . .     SeeInvis .     k - +2 falchion (drain)
rCold  . . .     Gourm    .     r - +0 robe {MR+}
rNeg   . . .     Faith    .     q - +0 shield
rPois  .         Spirit   .     (no helmet)
rElec  .         Reflect  .     u - +2 cloak {+Inv}
rCorr  +         Harm     .     (no gloves)
MR     ++...                    (no boots)
Stlth  ++........               (no amulet)
                                n - ring of protection from magic
                                j - ring of resist corrosion

@: no status effects
A: no striking features
a: Heroism, Renounce Religion, Evoke Invisibility


You were on level 6 of the Dungeon.
You worshipped Okawaru.
Okawaru was pleased with you.
You were very hungry.

You visited 1 branch of the dungeon, and saw 5 of its levels.

You collected 168 gold pieces.

Inventory:

Hand Weapons
 k - a +2 falchion of draining (weapon)
Armour
 q - a +0 shield (worn)
 r - a +0 robe of magic resistance (worn)
 u - a +2 cloak of invisibility (worn)
Jewellery
 j - a ring of resist corrosion (left hand)
 n - a ring of protection from magic (right hand)
Wands
 b - a wand of flame (23/48)
Scrolls
 e - 2 scrolls of remove curse {unknown}
 h - 2 scrolls of blinking {unknown}
 l - 3 scrolls of identify {unknown}
 m - a scroll of teleportation {unknown}
Potions
 f - 4 potions of curing {unknown}
 i - 2 potions of degeneration {unknown}
 o - a potion of might {unknown}
Books
 c - a book of Battle

   Spells                             Type                      Level
   a - Infusion                       Charms                       1
   b - Shroud of Golubria             Charms/Translocation         2
   c - Song of Slaying                Charms                       2
   d - Spectral Weapon                Hexes/Charms                 3
   e - Regeneration                   Charms/Necromancy            3
Comestibles
 a - a beef jerky
 d - 3 bread rations
 g - 2 slices of pizza
 p - 5 fruits
 s - 2 meat rations


   Skills:
 + Level 3.0 Fighting
 + Level 6.4 Long Blades
 + Level 3.3 Armour
 + Level 3.2 Dodging
 + Level 1.9 Stealth
 + Level 2.9 Spellcasting
 + Level 5.0 Charms


You had 10 spell levels left.
You knew the following spells:

 Your Spells              Type           Power        Failure   Level  Hunger
a - Infusion              Chrm           ###.         21%         1    #......


Dungeon Overview and Level Annotations

Branches:
Dungeon (4/15)
 Temple: D:4-7

Altars:
Okawaru


Message History

The ogre is severely wounded.
You block the ogre's attack.
Your shield prevents you from hitting the ogre.
The ogre is severely wounded.
The ogre hits you with a giant club!
You hit the ogre but do no damage.
The ogre is severely wounded.
The ogre barely misses you.
Your shield prevents you from hitting the ogre.
The ogre is severely wounded.
You slash the ogre!
You kill the ogre!
Okawaru accepts your kill.
Your Charms skill increases to level 5!
You hit the ice beast.
The ice beast is moderately wounded.
The ice beast hits you.
* * * LOW HITPOINT WARNING * * *
The ice beast freezes you!
You die...

#.....###..#
#..........###
#.............
#.........#
#.........#
#.........#
####.#...##
#.#####.######.
#...Y@.........
#?#####.######.
.... ##.### #.#
..# ###


You could see an ice beast.

Vanquished Creatures
  Sigmund (D:3)
  2 ogres
  A scorpion (D:3)
  A hound (D:3)
  An orc priest (D:3)
  An orc wizard (D:3)
  Crazy Yiuf (D:3)
  Ijyb (D:3)
  Natasha (thrice) (D:3)
  A hound skeleton (D:4)
  6 adders
  2 worms
  3 dart slugs
  3 leopard geckos
  4 orcs (D:3)
  4 giant cockroaches
  9 goblins
  10 hobgoblins
  3 quokkas
  A ball python (D:3)
  A ball python skeleton (D:4)
  10 bats
  9 frilled lizards
  6 kobolds
  6 rats
90 creatures vanquished.

Notes
Turn   | Place    | Note
-------+----------+-------------------------------------------
     0 | D:1      | Kosschaser the High Elf Skald began the quest for the Orb.
     0 | D:1      | Reached XP level 1. HP: 14/14 MP: 4/4
    73 | D:1      | Reached XP level 2. HP: 8/19 MP: 3/6
   471 | D:1      | Reached skill level 1 in Armour
   566 | D:1      | Reached XP level 3. HP: 17/24 MP: 7/7
   963 | D:2      | Found an iron altar of Okawaru.
   996 | D:2      | Became a worshipper of Warmaster Okawaru
  1022 | D:2      | Reached skill level 3 in Long Blades
  1360 | D:2      | Reached XP level 4. HP: 25/29 MP: 8/8
  1684 | D:3      | Reached skill level 1 in Stealth
  1697 | D:3      | Reached XP level 5. HP: 33/34 MP: 9/9
  1701 | D:3      | Reached skill level 4 in Long Blades
  1793 | D:3      | Reached * piety under Okawaru
  2292 | D:3      | Reached XP level 6. HP: 41/41 MP: 11/11
  2319 | D:3      | Noticed Sigmund
  2326 | D:3      | Killed Sigmund
  2326 | D:3      | Reached skill level 5 in Long Blades
  2402 | D:3      | Noticed Natasha
  2408 | D:3      | Killed Natasha
  2441 | D:3      | Found a runed door.
  2524 | D:3      | Noticed Ijyb
  2533 | D:3      | Killed Ijyb
  2661 | D:3      | Noticed Natasha
  2665 | D:3      | Killed Natasha
  2702 | D:3      | Noticed Natasha
  2708 | D:3      | Killed Natasha
  2708 | D:3      | Reached XP level 7. HP: 44/45 MP: 12/12
  2868 | D:3      | Noticed Crazy Yiuf
  2880 | D:3      | Killed Crazy Yiuf
  2880 | D:3      | Reached ** piety under Okawaru
  3169 | D:4      | Reached skill level 6 in Long Blades
  3309 | D:4      | You fall through a shaft for 2 floors!
  3335 | D:6      | Reached skill level 5 in Charms
  3336 | D:6      | Slain by an ice beast

Skill      XL: |  1  2  3  4  5  6  7 |
---------------+----------------------+-----
Charms         | 4 5 |  5.0
Armour         | 1 2 3 |  3.3
Long Blades    | 3 4 5 6 |  6.4
Dodging        | 2 3 |  3.2
Stealth        | 1 |  1.9
Fighting       | 3 |  3.0
Spellcasting   | |  2.9

Action                   |  1- 3 |  4- 6 |  7- 9 || total
-------------------------+-------+-------+-------++-------
Melee: Falchion          |    94 |   104 |    40 ||   238
       Punch             |       |     1 |       ||     1
 Cast: Infusion          |     1 |     5 |     2 ||     8
Invok: Heroism           |       |     1 |       ||     1
 Stab: Sleeping          |     1 |     1 |       ||     2
  Eat: Chunk             |     1 |     5 |     1 ||     7
Armor: Leather armour    |    32 |    15 |       ||    47
       Ring mail         |       |    15 |       ||    15
       Robe              |       |     1 |     3 ||     4
Dodge: Dodged            |    76 |    85 |    19 ||   180
Block: Shield            |       |       |     3 ||     3
       Rpst.: Falchion   |    25 |    27 |     5 ||    57
